 Dungeon Crawl Stone Soup version 0.21-a0-286-g6fcecc0 (webtiles) character file.

109 Argmax the Gusty (level 4, -3/28 HPs)
             Began as a Tengu Air Elementalist on Sept 28, 2017.
             Slain by Grinder (8 damage)
             ... while paralysed by Grinder
             ... on level 2 of the Dungeon.
             The game lasted 00:09:12 (2903 turns).

Argmax the Gusty (Tengu Air Elementalist)           Turns: 2903, Time: 00:09:13

Health: -3/28      AC:  2    Str: 13    XL:     4   Next: 90%
Magic:  7/8        EV:  2    Int: 15    God:
Gold:   125        SH:  0    Dex: 16    Spells: 6/7 levels left

rFire    . . .     SeeInvis .   e - +0 dagger (curse)
rCold    . . .     Gourm    .   (no shield)
rNeg     . . .     Faith    .   a - +0 robe
rPois    .         Spirit   .   (helmet restricted)
rElec    .         Reflect  .   (no cloak)
rCorr    .         Harm     .   (no gloves)
MR       .....                  (boots unavailable)
Stlth    ++........             (no amulet)
HPRegen  0.09/turn              (no ring)
MPRegen  0.11/turn              (no ring)

@: paralysed, mighty, very slightly contaminated
A: beak, talons 3
a: no special abilities


You were on level 2 of the Dungeon.
You were not hungry.

You visited 1 branch of the dungeon, and saw 3 of its levels.

You collected 125 gold pieces.

Inventory:

Hand Weapons
 e - a cursed +0 dagger (weapon)
Armour
 a - a +0 robe (worn)
Jewellery
 m - an uncursed ring of protection from cold {unknown}
Scrolls
 g - a scroll of remove curse {unknown}
 h - 2 scrolls of identify {unknown}
 i - 2 scrolls of enchant armour {unknown}
 o - a scroll of enchant weapon {unknown}
Potions
 d - a potion of might
 j - a potion of berserk rage {unknown}
 k - a potion of haste {unknown}
 l - a potion of curing {unknown}
Books
 b - a book of Air

   Spells                             Type                      Level
   a - Shock                          Conjuration/Air              1
   b - Swiftness                      Charms/Air                   2
   c - Static Discharge               Conjuration/Air              3
   d - Airstrike                      Air                          4
   e - Lightning Bolt                 Conjuration/Air              5
 p - Jessica's Catalogue of Curses
   (You found it on level 2 of the Dungeon)

   Spells                             Type                      Level
   a - Ensorcelled Hibernation        Hexes/Ice                    2
Comestibles
 c - a bread ration
 f - 5 chunks of flesh
 n - a royal jelly


   Skills:
 + Level 3.1 Fighting
 + Level 3.9 Dodging
 - Level 2.0 Stealth
 - Level 2.0 Spellcasting
 - Level 1.3 Conjurations
 - Level 4.0 Air Magic


You had 6 spell levels left.
You knew the following spells:

 Your Spells              Type           Power        Failure   Level  Hunger
a - Shock                 Conj/Air       #...         8%          1    #......


Dungeon Overview and Level Annotations

Branches:
Dungeon (3/15)

Altars:
Qazlal

Annotations:
D:2 Grinder


Innate Abilities, Weirdness & Mutations

You have a beak for a mouth.
You have claws for feet.


Message History

You can move again.
The adder misses you.
There is a stone staircase leading up here.
Grinder hits you.
* * * LOW HITPOINT WARNING * * *
You writhe in agony.
* * * LOW HITPOINT WARNING * * *
The adder misses you.
You climb upwards.
There is a stone staircase leading down here.
Unknown command.
It was a potion of might.
You feel very mighty all of a sudden. Grinder gestures at you.
You suddenly lose the ability to move!
The adder bites you but does no damage. The adder bites you.
* * * LOW HITPOINT WARNING * * *
Grinder says, "Wait up."
Grinder hits you!
You die...

#.# #.#####..........# # #.#
#........##...#### # ####.####
########.######## # #.....>.#
########..........# # #.##.##.#
#...........#.###.## #
#.##.##.#
#........#..#......####
#.##.##.#
#........#.....###.....
#.##.##.# #...........)..#
#..... #.##.##.#
#....S@...)....###.....
#......(#
#......5###........####
####.#### #...........##.#####
# #.# #####.......##.# #
####.#### #.#####.##.# #
#.......#######.#...#.##.# #
#.#####..................######
# #.#
#.#######.#...#.#.......### #.#
#.# #.#####(#.##.......


You could see Grinder and an adder.

Vanquished Creatures
  Jessica (D:2)
  An adder (D:2)
  An ooze (D:1)
  2 worms (D:2)
  2 dart slugs (D:2)
  2 leopard geckos (D:2)
  6 bats
  2 giant cockroaches
  7 hobgoblins
  4 jackals (D:2)
  3 quokkas (D:2)
  A ball python (D:1)
  A frilled lizard (D:3)
  14 goblins
  2 kobolds (D:2)
  4 rats
53 creatures vanquished.

Vanquished Creatures (others)
  A worm (D:2)
1 creature vanquished.

Grand Total: 54 creatures vanquished

Notes
Turn   | Place    | Note
-------+----------+-------------------------------------------
     0 | D:1      | Argmax the Tengu Air Elementalist began the quest for the Orb.
     0 | D:1      | Reached XP level 1. HP: 10/10 MP: 4/4
   304 | D:1      | Reached skill level 1 in Fighting
   458 | D:1      | Reached XP level 2. HP: 16/16 MP: 4/6
  1259 | D:2      | Reached XP level 3. HP: 14/21 MP: 3/7
  2177 | D:2      | Found a stormy altar of Qazlal.
  2458 | D:2      | Reached XP level 4. HP: 27/27 MP: 6/8
  2672 | D:2      | Noticed Jessica
  2682 | D:2      | Killed Jessica
  2763 | D:2      | Identified Jessica's Catalogue of Curses
  2883 | D:3      | Noticed Grinder
  2892 | D:3      | Paralysed by Grinder for 7 turns
  2902 | D:2      | Paralysed by Grinder for 3 turns
  2903 | D:2      | Slain by Grinder

Vault maps used:
D:1:      kennysheep_arrival_forest
D:2:      grunt_qazlal_clouds, kennysheep_jessica_study, uniq_robin
D:3:      cheibrodos_old_hovel, lemuel_crystal_altar,
          gammafunk_temple_overflow_elements, uniq_grinder

Skill      XL: |  1  2  3  4 |
---------------+-------------+-----
Fighting       | 1 2 3 |  3.1
Dodging        | 3 |  3.9
Stealth        | |  2.0
Spellcasting   | |  2.0
Conjurations   | |  1.3
Air Magic      | |  4.0

Action                   |  1- 3 |  4- 6 || total
-------------------------+-------+-------++-------
Melee: Dagger            |    34 |     8 ||    42
       Kick              |     7 |     2 ||     9
       Peck              |     3 |     1 ||     4
 Cast: Shock             |    67 |    27 ||    94
  Use: Potion            |       |     1 ||     1
 Stab: Sleeping          |     1 |       ||     1
  Eat: Chunk             |     6 |     2 ||     8
Armor: Robe              |    13 |     6 ||    19
Dodge: Dodged            |    45 |    21 ||    66

Table legend:
 A = Spawn XP
 B = Non-spawn XP
 C = Spawn XP percentage of total XP
 D = Spawn monster count
 E = Non-spawn monster count
 F = Spawn count percentage of total count
 G = Total turns spent on level
                    A         B        C        D         E        F      G
               +---------+---------+-------+---------+---------+-------+---------
         Total |       0 |     157 |   0.0 |       0 |      53 |   0.0 |  2903
               +---------+---------+-------+---------+---------+-------+---------
           D:1 |       0 |      27 |   0.0 |       0 |      13 |   0.0 |  1445
           D:2 |       0 |     129 |   0.0 |       0 |      39 |   0.0 |  1425
           D:3 |       0 |       1 |   0.0 |       0 |       1 |   0.0 |    33
               +---------+---------+-------+---------+---------+-------+---------
